 Dungeon Crawl Stone Soup version 0.23-a0-79-gaa8cc03 (webtiles) character file.

3801 HDogLeCool the Blocker (level 10, 77/77 HPs)
             Began as a Human Fighter on July 27, 2018.
             Was an Elder of Zin.
             Quit the game on level 8 of the Dungeon on Aug 10, 2018.
             The game lasted 00:54:57 (11258 turns).

HDogLeCool the Blocker (Human Fighter)             Turns: 11258, Time: 00:54:58

Health: 77/77      AC: 12    Str: 19    XL:     10   Next: 39%
Magic:  15/15      EV:  6    Int: 15    God:    Zin [****..]
Gold:   231        SH: 17    Dex: 13    Spells: 9/9 levels left

rFire    . . .     SeeInvis .   a - +0 trident
rCold    . . .     Gourm    .   b - +2 large shield
rNeg     . . .     Faith    .   K - +0 chain mail
rPois    .         Spirit   .   (no helmet)
rElec    .         Reflect  .   s - +0 cloak
rCorr    .         Harm     .   r - +0 pair of gloves
MR       .....                  i - +0 pair of boots
Stlth    ..........             F - amulet of Nohisitao {+Rage Int+3}
HPRegen  0.22/turn              t - +3 ring of intelligence
MPRegen  0.14/turn              x - +3 ring of evasion

@: heavily drained
A: no striking features
a: Recite, Vitalisation, Imprison, Donate Gold, Renounce Religion, Evoke Berserk
Rage


You were on level 8 of the Dungeon.
You worshipped Zin.
Zin was greatly pleased with you.
You were not hungry.

You visited 2 branches of the dungeon, and saw 9 of its levels.

You collected 411 gold pieces.
You spent 139 gold pieces at shops.
You donated 41 gold pieces to Zin.

Inventory:

Hand Weapons
 a - a +0 trident (weapon)
Missiles
 k - 211 stones (quivered)
 o - 96 sling bullets
Armour
 b - a +2 large shield (worn)
 c - a +0 shield
 i - a +0 pair of boots (worn)
 r - a +0 pair of gloves (worn)
 s - a +0 cloak (worn)
 K - a +0 chain mail (worn)
Jewellery
 t - a +3 ring of intelligence (left hand)
 x - a +3 ring of evasion (right hand)
 F - the amulet of Nohisitao (around neck) {+Rage Int+3}
   (You found it on level 7 of the Dungeon)

   [amulet of rage]

   It affects your intelligence (+3).
   It lets you go berserk.
Wands
 w - a wand of scattershot (3)
 G - a wand of flame (25)
 L - a wand of enslavement (13)
 M - a wand of iceblast (9)
Scrolls
 g - 5 scrolls of remove curse
 h - 2 scrolls of teleportation
 j - 9 scrolls of identify
 m - a scroll of noise {unknown}
 q - 5 scrolls of enchant weapon {unknown}
 v - 4 scrolls of enchant armour {unknown}
 y - 2 scrolls of random uselessness {unknown}
 A - a scroll of fog {unknown}
 B - a scroll of amnesia {unknown}
 C - 2 scrolls of fear
 D - a scroll of summoning {unknown}
 H - a scroll of magic mapping {unknown}
 I - 2 scrolls of immolation
Potions
 d - 2 potions of might
 e - 3 potions of haste
 l - 3 potions of lignification {unknown}
 n - a potion of brilliance {unknown}
 p - 3 potions of curing
 u - a potion of invisibility
 z - a potion of agility {unknown}
 E - a potion of degeneration {unknown}
Miscellaneous
 J - a lightning rod (inert)
Comestibles
 f - 14 rations


   Skills:
 + Level 6.4(5.0) Fighting
 * Level 8.2(6.8) Polearms
 - Level 4.0(2.7) Armour
 * Level 8.6(7.1) Shields
 * Level 6.6(5.2) Invocations


You had 9 spell levels left.
You didn't know any spells.
Your spell library contained the following spells:

 Spells                   Type           Power        Failure   Level  Hunger
 Mephitic Cloud           Conj/Pois/Air  #.......     100%        3    ####...
 Venom Bolt               Conj/Pois      #.........   100%        5    ######.
 Olgreb's Toxic Radiance  Pois           #.......     100%        4    #####..
 Sting                    Conj/Pois      #...         100%        1    ##.....
 Poisonous Vapours        Pois/Air       #.....       100%        2    ###....


Dungeon Overview and Level Annotations

Branches:
Dungeon (8/15)             Temple (1/1) D:4
   Lair: D:8-11

Altars:
Ashenzari
Cheibriados
Dithmenos
Elyvilon
Fedhas
Gozag
Hepliaklqana
Kikubaaqudgha
Makhleb
Nemelex Xobeh
Okawaru
Ru
Sif Muna
Trog
Uskayaw
Vehumet
Wu Jian
Xom
Yredelemnul
Zin
The Shining One

Shops:
D:5 }?:?

Annotations:
D:7 Caerwyn's ghost, novice MfIE


Message History

The ogre is almost dead.
You block the ogre's attack.
You puncture the ogre!
You kill the ogre!
You are too injured to fight recklessly!
You see here a giant club.
k - 210 stones (gained 1)
k - 211 stones (gained 1)
M - a wand of iceblast (9)
You start resting.
HP restored.
You see here a giant club.
Found a bardiche.
You see here a bardiche.
N - a bardiche You drop a bardiche.
Welcome back, HDogLeCool the Human Fighter.
Zin says: Spread the light, my child.
Press ? for a list of commands and other information.
Are you sure you want to abandon this character and quit the game? (Confirm with "yes".)

# #.#.......... ##### #
#.####.#####. #### #≈
###.####.# #. #..# ##
.........# #. #..#
#######..# #.### #..# #
..#####...##########..#
#
.................##..#
# #######.#######.##..#
# #@# #.##..#### # #.#
#......... #######. #.#
#..#.##.## ........ #.#
#..#.##... ...#### ..#
#).#.##... ....## ###
#..#.##... .....#
##..#.##... .....###
#.....##... ........
#...####...


There were no monsters in sight!

Vanquished Creatures
  A troll (D:6)
  The ghost of Annan the Poker, an amateur NaWr (D:4)
  A slime creature (D:7)
  Sigmund (D:3)
  A hungry ghost (D:6)
  A water moccasin (D:7)
  2 orc warriors (D:8)
  An ice beast (D:7)
  A sky beast (D:8)
  A necrophage (D:8)
  5 ogres
  2 big kobolds (D:4)
  3 bullfrogs
  5 scorpions
  5 killer bees (D:8)
  4 crimson imps
  A centaur zombie (D:7)
  4 jellies
  4 hounds
  2 orc priests (D:8)
  5 orc wizards
  Ijyb (D:3)
  Terence (D:3)
  An iguana (D:5)
  6 worker ants
  A hound zombie (D:5)
  A hound skeleton (D:4)
  A worker ant zombie (D:7)
  9 adders
  2 shadow imps (D:8)
  8 oozes
  An adder zombie (D:7)
  2 worms (D:2)
  A dart slug (D:2)
  4 leopard geckos
  24 orcs
  6 giant cockroaches
  7 goblins
  3 hobgoblins
  8 jackals
  4 quokkas
  A ball python (D:6)
  3 bats
  5 frilled lizards
  3 hobgoblin zombies (D:5)
  A jackal skeleton (D:8)
  15 kobolds
  A kobold zombie (D:5)
  4 orc zombies (D:5)
  2 quokka skeletons (D:4)
  4 rats
181 creatures vanquished.

Notes
Turn   | Place    | Note
-------+----------+-------------------------------------------
     0 | D:1      | HDogLeCool the Human Fighter began the quest for the Orb.
     0 | D:1      | Reached XP level 1. HP: 18/18 MP: 1/1
    73 | D:1      | Reached XP level 2. HP: 23/24 MP: 2/2
   636 | D:2      | Reached XP level 3. HP: 26/29 MP: 3/3
   696 | D:2      | Found a blossoming altar of Fedhas.
  1129 | D:2      | Reached XP level 4. HP: 35/35 MP: 4/4
  1258 | D:2      | Reached XP level 5. HP: 28/41 MP: 5/5
  2079 | D:3      | Noticed Sigmund
  2303 | D:3      | Noticed Terence
  2326 | D:3      | Killed Terence
  2326 | D:3      | Reached XP level 6. HP: 26/48 MP: 6/6
  2528 | D:3      | Found a faded altar of an unknown god.
  2530 | D:3      | Became a worshipper of Zin the Law-Giver
  2530 | D:3      | Reached * piety under Zin
  2553 | D:3      | Killed Sigmund
  2601 | D:3      | Reached XP level 7. HP: 32/54 MP: 7/7
  2604 | D:3      | Found a burning altar of Makhleb.
  2921 | D:3      | Noticed Ijyb
  2934 | D:3      | Killed Ijyb
  2934 | D:3      | Reached skill level 5 in Shields
  2952 | D:3      | Reached ** piety under Zin
  3794 | D:4      | Reached skill level 5 in Polearms
  3799 | D:4      | Found a hide-covered altar of Uskayaw.
  4028 | D:4      | Found a large runed door.
  4030 | D:4      | Found a large runed door.
  4033 | D:4      | Noticed Annan's ghost (amateur NaWr)
  4138 | D:4      | Found a staircase to the Ecumenical Temple.
  4186 | Temple   | Entered the Ecumenical Temple
  4645 | D:4      | Found a bloodstained altar of Trog.
  4789 | D:4      | Got a steaming mace
  4790 | D:4      | Identified the +11 mace of Wilaf {pain, rC- Int+8} (You found it on level 4 of the Dungeon)
  5075 | D:5      | Entered Level 5 of the Dungeon
  5093 | D:5      | Reached XP level 8. HP: 27/61 MP: 8/8
  5528 | D:5      | Found Sita's Book Shop.
  5541 | D:5      | Reached skill level 1 in Invocations
  5612 | D:5      | Found a glowing golden altar of the Shining One.
  5727 | D:5      | Found Orur's Magic Scroll Emporium.
  5752 | D:5      | Bought a scroll of fear for 52 gold pieces
  5752 | D:5      | Bought a scroll of remove curse for 45 gold pieces
  5812 | D:5      | Found Ulid's Gadget Emporium.
  6077 | D:5      | Found Quto's Magic Scroll Emporium.
  6081 | D:5      | Bought a scroll of teleportation for 42 gold pieces
  6364 | D:5      | Reached *** piety under Zin
  6535 | D:6      | Reached skill level 5 in Fighting
  6558 | D:6      | Noticed a troll
  6595 | D:6      | Killed a troll
  6595 | D:6      | Reached XP level 9. HP: 36/68 MP: 9/11
  6949 | D:6      | Found a shimmering altar of Xom.
  7167 | D:7      | Got a steaming diamond amulet
  7168 | D:7      | Identified the amulet of Nohisitao {+Rage Int+3} (You found it on level 7 of the Dungeon)
  7241 | D:7      | Found a radiant altar of Vehumet.
  7436 | D:7      | Found a shimmering altar of Xom.
  7659 | D:7      | Found a runed door.
  7660 | D:7      | Noticed a slime creature
  7660 | D:7      | Noticed Caerwyn's ghost (novice MfIE)
  8050 | D:4      | Reached **** piety under Zin
  8138 | D:4      | Killed Annan's ghost
  8138 | D:4      | Reached skill level 5 in Invocations
  8418 | D:7      | Got a scorched flail
  8419 | D:7      | Identified the cursed +2 flail "Oskir" {flame, +Inv rElec} (You found it on level 7 of the Dungeon)
  8482 | D:7      | Found a basalt altar of Yredelemnul.
  8534 | D:7      | Killed a slime creature
  9053 | D:8      | Reached XP level 10. HP: 23/76 MP: 14/14
  9381 | D:8      | Found a glowing silver altar of Zin.
 11258 | D:8      | Upgraded the game from 0.22-a0-866-geee5034 to 0.23-a0-79-gaa8cc03
 11258 | D:8      | Quit the game

Vault maps used:
D:1:      wheals_arrival_linesprint
D:2:      nicolae_overflow_hidden_temple
D:3:      makhleb_heckhound_becter, chequers_ecumenical_altar_twisty,
          uniq_terence, uniq_ijyb, uniq_sigmund
D:4:      cheibrodos_thug_alley, eat_drink_and_be_merry_uskayaw, bloody_trog,
          minmay_temple_entry_nine_rooms, ebering_ghost_disaster_area
D:5:      serial_shops, shop, shop, shop,
          nicolae_shop_temple_entry_statues_fountains, first_ration,
          minivault_4, nicolae_tso_besieged_by_evil
D:6:      basic_altar
D:7:      kennysheep_mini, vehumet_altar_wand_db, xom_butterflies,
          ebering_ghost_inner_flame
D:8:      zin_statuary, hangedman_little_slice_of_home
Temple:   dshaligram_water_room_temple

Skill      XL: |  1  2  3  4  5  6  7  8  9 10 |
---------------+-------------------------------+-----
Polearms       | 3 4 5 6 7 8 |  8.2
Shields        | 4 5 6 7 8 |  8.6
Fighting       | 4 5 6 |  6.4
Armour         | 4 |  4.0
Invocations    | 3 5 6 |  6.6

Action                   |  1- 3 |  4- 6 |  7- 9 | 10-12 || total
-------------------------+-------+-------+-------+-------++-------
Melee: Trident           |   112 |   159 |   620 |   255 ||  1146
Throw: Stone             |     8 |       |    15 |     4 ||    27
Invok: Recite            |       |     1 |     6 |     2 ||     9
       Vitalisation      |       |       |     3 |       ||     3
Evoke: Lightning rod     |       |       |     4 |       ||     4
       Wand              |       |       |       |     1 ||     1
  Use: Potion            |       |     1 |     5 |     2 ||     8
       Scroll            |       |     1 |     3 |       ||     4
 Stab: Distracted        |       |       |     1 |       ||     1
       Confused          |       |       |     1 |       ||     1
  Eat: Chunk             |     1 |     5 |    10 |     1 ||    17
       Ration            |       |       |     6 |     2 ||     8
Armor: Scale mail        |    34 |    55 |   176 |     4 ||   269
       Chain mail        |       |       |       |    76 ||    76
Dodge: Dodged            |    31 |    31 |   164 |    61 ||   287
Block: Shield            |    38 |    57 |   293 |    53 ||   441
       Large shield      |       |       |       |    75 ||    75

Table legend:
 A = Non-vault XP
 B = Vault XP
 C = Vault XP percentage of total XP
 D = Non-vault monster count
 E = Vault monster count
 F = Vault count percentage of total count
 G = Total turns spent on level
                 A         B        C        D         E       F
            +---------+---------+-------+---------+---------+-------
      Total |    5431 |       0 |   0.0 |     181 |       0 |   0.0
            +---------+---------+-------+---------+---------+-------
        D:1 |      39 |       0 |   0.0 |      14 |       0 |   0.0
        D:2 |     153 |       0 |   0.0 |      24 |       0 |   0.0
        D:3 |     403 |       0 |   0.0 |      17 |       0 |   0.0
        D:4 |     809 |       0 |   0.0 |      38 |       0 |   0.0
        D:5 |     638 |       0 |   0.0 |      23 |       0 |   0.0
        D:6 |     730 |       0 |   0.0 |      12 |       0 |   0.0
        D:7 |    1079 |       0 |   0.0 |      18 |       0 |   0.0
        D:8 |    1580 |       0 |   0.0 |      35 |       0 |   0.0
            +---------+---------+-------+---------+---------+-------
